 Dungeon Crawl Stone Soup version 0.27-a0-1065-ge809cff456 (webtiles) character file.

Game seed: 15062896108557783633

4070 Zeld the Destroyer (level 10, -1/71 HPs)
             Began as an Octopode Conjurer on Apr 23, 2021.
             Was a Believer of Vehumet.
             Slain by a two-headed ogre
             ... wielding a +0 giant spiked club
              (31 damage)
             ... on level 9 of the Dungeon.
             The game lasted 00:14:00 (13922 turns).

Zeld the Destroyer (Octopode Conjurer)             Turns: 13922, Time: 00:14:02

Health: -1/71      AC:  2    Str:  8    XL:     10   Next: 25%
Magic:  0/20       EV: 14    Int: 23    God:    Vehumet [**....]
Gold:   344        SH:  0    Dex: 12    Spells: 12/23 levels left

rFire    + . .     SeeInvis +   (no weapon)
rCold    . . .     Faith    .   (no shield)
rNeg     + . .     Spirit   .   (helmet restricted)
rPois    .         Reflect  .   (no amulet)
rElec    .         Harm     .   e - ring of see invisible
rCorr    .         Rampage  .   r - ring of positive energy
Will     +....                  u - ring of protection from fire
Stlth    +++.......             B - ring of willpower
HPRegen  0.21/turn              (no ring)
MPRegen  0.17/turn              (no ring)
                                (no ring)
                                (no ring)

@: about to teleport, very slightly contaminated
A: almost no armour, amphibious, 8 rings, camouflage 1, gelatinous body 1,
(nimble swimmer 1), tentacles, shaggy fur 1, strong 1, MP-powered wands
a: Renounce Religion


You were on level 9 of the Dungeon.
You worshipped Vehumet.
Vehumet was pleased with you.
You visited 2 branches of the dungeon, and saw 10 of its levels.
You also visited: Ossuary.

You collected 441 gold pieces.
You spent 97 gold pieces at shops.

Inventory:

Armour
 b - a +2 kite shield
Jewellery
 e - a ring of see invisible (left tentacle)
 r - a ring of positive energy (right tentacle)
 u - a ring of protection from fire (on tentacle)
 B - a ring of willpower (on tentacle)
Wands
 k - a wand of digging (14)
 n - a wand of flame (12)
 C - a wand of charming (11)
Scrolls
 a - a scroll of teleportation
 c - 3 scrolls of holy word {unknown}
 i - 2 scrolls of magic mapping
 j - 4 scrolls of enchant weapon
 o - a scroll of brand weapon
 q - 2 scrolls of amnesia {unknown}
 s - a scroll of acquirement {unknown}
 w - a scroll of vulnerability {unknown}
 y - a scroll of fog {unknown}
Potions
 d - 3 potions of flight
 m - a potion of mutation
 p - 3 potions of brilliance {unknown}
 t - 2 potions of degeneration {unknown}
 v - a potion of attraction {unknown}
 x - a potion of berserk rage {unknown}
 z - a potion of resistance {unknown}
 A - a potion of might {unknown}


   Skills:
 * Level 7.3 Fighting
 + Level 5.4 Dodging
 - Level 2.6 Stealth
 + Level 4.0 Shields
 * Level 7.1 Spellcasting
 * Level 8.5 Conjurations


You had 12 spell levels left.
You knew the following spells:

 Your Spells              Type           Power      Damage    Failure   Level
a - Magic Dart            Conj           100%       1d8       1%          1
b - Searing Ray           Conj           94%        3d6       1%          2
c - Fulminant Prism       Conj/Hex       13%        3d9       13%         4
d - Iskenderun's Mystic   Conj/Tloc      27%        2d7       13%         4

Your spell library contained the following spells:

 Spells                   Type           Power      Damage    Failure   Level
 Freeze                   Ice            32%        1d5       8%          1
 Dazzling Flash           Conj/Hex       54%        N/A       4%          3
 Confusing Touch          Hex            8%         N/A       22%         3
 Gell's Gravitas          Tloc           4%         N/A       22%         3
 Petrify                  Tmut/Erth      8%         N/A       58%         4
 Metabolic Englaciation   Hex/Ice        4%         N/A       91%         5
 Yara's Violent Unravell  Hex/Tmut       4%         3d4       91%         5


Dungeon Overview and Level Annotations

Branches:
Dungeon (9/15)             Temple (1/1) D:7         Ossuary (visited)
   Lair: D:8-11         Orc: D:9-12

Altars:
Ashenzari
Cheibriados
Dithmenos
Elyvilon
Fedhas
Gozag
Hepliaklqana
Kikubaaqudgha
Makhleb
Nemelex Xobeh
Okawaru
Qazlal
Ru
Sif Muna
Uskayaw
Vehumet
Wu Jian
Xom
Yredelemnul
The Shining One

Shops:
D:5 *(

Annotations:
D:7 exclusions: orc priest and steam dragon


Innate Abilities, Weirdness & Mutations

You cannot wear most types of armour.
You are amphibious.
You can wear up to eight rings at the same time.
Your skin changes colour to match your surroundings (Stealth+).
Your rubbery body absorbs attacks. (AC +1, EV +1)
((You are camouflaged near water. (Stealth+)))
You have tentacles for arms and can constrict up to eight enemies at once.
You are covered in fur. (AC +1)
Your muscles are strong. (Str +2)
You expend magic power (3 MP) to strengthen your wands.


Message History

You see here a killer bee corpse.
You feel sick.
You start resting.
You feel sick. x6
You are no longer poisoned.
You start resting.
A two-headed ogre is nearby!
Okay, then.
Casting: Searing Ray (safe; 1% risk of failure)
Confirm with . or Enter, or press ? or * to list all spells.
Aiming: Searing Ray (safe; 1% risk of failure)
Press: ? - help, Shift-Dir - straight line, f - two-headed ogre
Aim: a two-headed ogre, wielding a +0 giant spiked club and a +0 giant club (wandering, hasn't noticed you, 91% to hit)
The searing ray hits the two-headed ogre.
The two-headed ogre is lightly wounded.
The two-headed ogre shouts in stereo! (Press . to maintain the ray.)
The searing ray misses the two-headed ogre.
Casting: Searing Ray (safe; 1% risk of failure)
Confirm with . or Enter, or press ? or * to list all spells.
You erupt in a blast of force!
The mystic blast hits the two-headed ogre!
The two-headed ogre is moderately wounded.
The two-headed ogre barely misses you.
The two-headed ogre hits you with a +0 giant club!
Casting: Iskenderun's Mystic Blast (dangerous; 13% risk of failure)
Confirm with . or Enter, or press ? or * to list all spells.
You don't have enough magic to cast this spell.
Unknown command.
You feel better.
As you read the scroll of teleportation, it crumbles to dust.
You feel strangely unstable.
The two-headed ogre hits you with a +0 giant spiked club!
The two-headed ogre misses you.
Casting: Iskenderun's Mystic Blast (dangerous; 13% risk of failure)
Confirm with . or Enter, or press ? or * to list all spells.
You miscast Iskenderun's Mystic Blast.
You are very lightly contaminated with residual magic.
Nothing appears to happen.
The two-headed ogre hits you with a +0 giant spiked club!!
You die...

#......# #......#
#...[.. #..... +....
#.†† # #+#### ###.
#@O..# #.. #####'##
##'### #......#
#..... ##......#####
#.....
..'......'.<.###.....
###......###...'.....
#......# #####.....
#......# #.....
#......# #.....


You could see a two-headed ogre.

Vanquished Creatures
  Pikel (D:5)
  Sigmund (D:2)
  2 wraiths (Ossuary)
  A steam dragon (D:8)
  Menkaure (D:4)
  3 water moccasins
  A black bear (D:4)
  2 orc warriors
  A sky beast (D:7)
  2 necrophages
  2 ogres
  2 lemures (D:5)
  2 kobold brigands
  2 phantoms
  2 bullfrogs
  A wyvern skeleton (D:6)
  6 killer bees (D:9)
  2 wights (Ossuary)
  A howler monkey (D:8)
  2 bullfrog zombies
  3 centaur zombies
  3 jellies
  2 hounds (D:5)
  2 gnoll shamans
  A human skeleton (D:8)
  A human zombie (D:8)
  3 orc priests
  A bullfrog skeleton (D:6)
  3 iguanas
  3 orc wizards
  2 killer bee zombies
  A howler monkey zombie (D:9)
  Robin (D:3)
  A howler monkey skeleton (D:6)
  9 gnolls
  7 adders
  2 adder zombies (Ossuary)
  3 dart slugs
  17 orcs
  7 endoplasms
  6 giant cockroaches
  14 goblins
  17 hobgoblins
  9 jackals
  4 quokkas
  4 ball pythons
  2 ball python skeletons (Ossuary)
  3 bats
  3 frilled lizards (D:2)
  2 hobgoblin skeletons (Ossuary)
  A hobgoblin zombie (Ossuary)
  16 kobolds
  A kobold zombie (Ossuary)
  3 orc skeletons (D:8)
  An orc zombie (D:8)
  8 rats
203 creatures vanquished.

Vanquished Creatures (others)
  2 orc wizards (D:8)
2 creatures vanquished.

Grand Total: 205 creatures vanquished

Notes
Turn   | Place    | Note
-------+----------+-------------------------------------------
     0 | D:1      | Zeld the Octopode Conjurer began the quest for the Orb.
     0 | D:1      | Reached XP level 1. HP: 11/11 MP: 3/3
   206 | D:1      | Reached XP level 2. HP: 18/18 MP: 1/5
   257 | D:1      | Learned a level 2 spell: Searing Ray
   466 | D:1      | Reached skill level 1 in Fighting
   671 | D:1      | Reached XP level 3. HP: 23/23 MP: 0/6
  1390 | D:2      | Found a faded altar of an unknown god.
  1456 | D:2      | Reached XP level 4. HP: 25/29 MP: 3/7
  1461 | D:2      | Learned a level 4 spell: Fulminant Prism
  2260 | D:4      | Noticed a black bear
  2271 | D:4      | Killed a black bear
  2272 | D:4      | Reached XP level 5. HP: 18/35 MP: 0/9
  2805 | D:4      | Reached skill level 1 in Shields
  2805 | D:4      | Reached skill level 5 in Conjurations
  2805 | D:4      | Reached XP level 6. HP: 41/41 MP: 6/11
  2810 | D:4      | Learned a level 4 spell: Iskenderun's Mystic Blast
  3234 | D:4      | Found a snail-covered altar of Cheibriados.
  3302 | D:4      | Reached XP level 7. HP: 36/46 MP: 4/12
  3671 | D:4      | Noticed Menkaure
  3678 | D:4      | Killed Menkaure
  4003 | D:4      | Found a sacrificial altar of Ru.
  4003 | D:4      | Found a shadowy altar of Dithmenos.
  4157 | D:5      | Entered Level 5 of the Dungeon
  4282 | D:5      | Reached skill level 6 in Conjurations
  4282 | D:5      | Reached XP level 8. HP: 54/54 MP: 2/14
  4429 | D:5      | Found Zadghimmedgh's Elemental Accessories.
  4511 | D:5      | Bought a wand of flame (13) for 97 gold pieces
  4696 | D:5      | Noticed Pikel
  4712 | D:5      | Killed Pikel
  4713 | D:5      | Reached skill level 5 in Spellcasting
  5080 | D:5      | Found Bubbenot's Antique Weapon Emporium.
  5550 | D:6      | Reached skill level 5 in Fighting
  6403 | D:6      | Reached XP level 9. HP: 44/61 MP: 9/17
  6631 | D:6      | Reached skill level 7 in Conjurations
  7300 | D:7      | Found a staircase to the Ecumenical Temple.
  7318 | Temple   | Entered the Ecumenical Temple
  7399 | Temple   | Became a worshipper of Vehumet
  8022 | D:8      | Found a sand-covered staircase.
  8031 | Ossuary  | Entered an ossuary
  9455 | D:3      | Reached skill level 5 in Dodging
  9566 | D:3      | Noticed Robin
  9583 | D:3      | Killed Robin
  9583 | D:3      | Reached * piety under Vehumet
  9583 | D:3      | Offered knowledge of Shock by Vehumet.
  9850 | D:3      | Found a white marble altar of Elyvilon.
 10546 | D:2      | Noticed Sigmund
 10550 | D:2      | Killed Sigmund
 10551 | D:2      | Reached skill level 8 in Conjurations
 11110 | D:7      | Reached XP level 10. HP: 44/69 MP: 3/20
 13506 | D:9      | Noticed a two-headed ogre
 13520 | D:9      | Gained mutation: Your muscles are strong. (Str +2) [potion
                  | of mutation]
 13520 | D:9      | Gained mutation: You expend magic power (3 MP) to
                  | strengthen your wands. [potion of mutation]
 13520 | D:9      | Gained mutation: You are covered in fur. (AC +1) [potion of
                  | mutation]
 13895 | D:9      | Offered knowledge of Freeze by Vehumet.
 13896 | D:9      | Reached ** piety under Vehumet
 13922 | D:9      | Slain by a two-headed ogre

Illustrated notes

Levels and vault maps discovered:
D:1:      dpeg_arrival_windows_large_door, layout_loops_ring
D:2:      minmay_diamond_boxcup, layout_basic, ebering_ecumenical_altar_mist,
          nrook_mini_vaults, minivault_19, uniq_sigmund
D:3:      layout_basic, lemuel_round_altar, minivault_14, uniq_robin
D:4:      cheibrodos_thug_alley, layout_basic, lemuel_doored_altar,
          gammafunk_temple_overflow_elements, serial_curves, eino_curves_04,
          eino_curves_03, eino_curves_04, uniq_menkaure
D:5:      layout_loops_ring, serial_shops, nicolae_shop_stone,
          corexii_checkpoint_a, nicolae_elemental_shop, uniq_pikel
D:6:      layout_loops_ring, eino_tiny_chamber, serial_park_tiny_2
D:7:      layout_basic, minmay_temple_entry_stoned_glass
D:8:      layout_basic, nicolae_ossuary_entry_catacombs
D:9:      layout_roguey, uniq_joseph
Temple:   compressed_dpeg_circular_temple

Skill      XL: |  1  2  3  4  5  6  7  8  9 10 |
---------------+-------------------------------+-----
Fighting       | 1 2 3 4 5 6 7 |  7.3
Spellcasting   | 3 4 5 6 7 |  7.1
Shields        | 1 2 3 4 |  4.0
Conjurations   | 5 6 8 |  8.5
Dodging        | 3 4 5 |  5.4
Stealth        | |  2.6

Action                   |  1- 3 |  4- 6 |  7- 9 | 10-12 || total
-------------------------+-------+-------+-------+-------++-------
Melee: Unarmed           |    14 |     1 |    12 |     9 ||    36
       Constrict         |     4 |       |     3 |     1 ||     8
       Tentacles         |     1 |       |     2 |     5 ||     8
 Cast: Magic Dart        |    36 |       |     2 |       ||    38
       Searing Ray       |    10 |    32 |   100 |    26 ||   168
       Iskenderun's Myst |       |       |     3 |     8 ||    11
Evoke: Wand              |       |       |       |     1 ||     1
  Use: Potion            |       |       |     5 |     6 ||    11
       Scroll            |       |       |       |    10 ||    10
 Stab: Sleeping          |     1 |       |       |       ||     1
Armor: Skin              |     2 |     1 |     4 |       ||     7
Dodge: Dodged            |    16 |    11 |    69 |    35 ||   131

Table legend: (Time is in decaauts)
 A = Elapsed time spent in this place.
 B = Non-inter-level travel time spent in this place.
 C = Inter-level travel time spent in this place.
 D = Time resting spent in this place.
 E = Time spent auto-exploring this place.
 F = Levels seen in this place.
 G = Mean time per level.
                   A        B        C        D        E       F      G
               +--------+--------+--------+--------+--------+-----+--------+
         Total |  13939 |  13372 |    567 |   2115 |   9925 |  11 | 1267.2 |
       Dungeon |  12857 |  12304 |    553 |   1584 |   9514 |   9 | 1428.6 |
        Temple |     96 |     82 |     14 |      0 |     69 |   1 |   96.0 |
       Ossuary |    985 |    985 |      0 |    531 |    342 |   1 |  985.0 |
               +--------+--------+--------+--------+--------+-----+--------+

Top non-repeatable levels by time:
     D:4: 2062 daAuts
     D:8: 1907 daAuts
     D:7: 1797 daAuts
     D:6: 1551 daAuts
     D:3: 1452 daAuts
     D:5: 1429 daAuts
     D:1: 1172 daAuts
     D:2: 1067 daAuts
 Ossuary: 985 daAuts
     D:9: 415 daAuts
  Temple: 96 daAuts
